 Dungeon Crawl Stone Soup version 0.26.1-10-gdfb7c7de75 (webtiles) character file.

Game seed: 16552317609284785727

91 leafyfresh the Magician (level 4, 0/32 HPs)
             Began as a Gnoll Hedge Wizard on Apr 3, 2021.
             Slain by a bullfrog (2 damage)
             ... on level 2 of the Dungeon.
             The game lasted 00:02:59 (2583 turns).

leafyfresh the Magician (Gnoll Hedge Wizard)        Turns: 2583, Time: 00:03:00

Health: 0/32       AC:  3    Str: 13    XL:     4   Next: 59%
Magic:  10/13      EV: 14    Int: 17    God:
Gold:   111        SH:  0    Dex: 14    Spells: 11/17 levels left

rFire    . . .     SeeInvis .   e - +0 short sword (speed)
rCold    . . .     Faith    .   (no shield)
rNeg     . . .     Spirit   .   b - +0 robe
rPois    .         Reflect  .   c - +1 hat
rElec    .         Harm     .   (no cloak)
rCorr    .         Rampage  .   (no gloves)
Will     .....                  (no boots)
Stlth    +++.......             (no amulet)
HPRegen  0.10/turn              (no ring)
MPRegen  0.13/turn              (no ring)

@: no status effects
A: distributed training, fangs 1, strong nose
a: no special abilities


You were on level 2 of the Dungeon.
You visited 1 branch of the dungeon, and saw 2 of its levels.

You collected 111 gold pieces.

Inventory:

Hand Weapons
 a - a +0 dagger
 e - a +0 short sword of speed (weapon)
Armour
 b - a +0 robe (worn)
 c - a +1 hat (worn)
 h - a +0 buckler
Scrolls
 f - a scroll of random uselessness {unknown}
 i - a scroll of magic mapping {unknown}
 k - a scroll of fear {unknown}
 m - 2 scrolls of remove curse
 n - a scroll of amnesia {unknown}
Potions
 d - a potion of magic {unknown}
 g - a potion of haste {unknown}
 j - 2 potions of might {unknown}
 l - a potion of curing {unknown}


   Skills:
 + Level 1.2 Fighting
 + Level 1.2 Short Blades
 + Level 1.2 Long Blades
 + Level 1.2 Axes
 + Level 1.2 Maces & Flails
 + Level 1.2 Polearms
 + Level 1.2 Staves
 + Level 1.2 Slings
 + Level 1.2 Bows
 + Level 1.2 Crossbows
 + Level 1.2 Throwing
 + Level 1.2 Armour
 + Level 4.6 Dodging
 + Level 4.3 Stealth
 + Level 1.2 Shields
 + Level 1.2 Unarmed Combat
 + Level 7.2 Spellcasting
 + Level 2.2 Conjurations
 + Level 1.0 Hexes
 + Level 2.2 Summonings
 + Level 1.0 Necromancy
 + Level 2.2 Translocations
 + Level 1.0 Transmutations
 + Level 1.0 Fire Magic
 + Level 1.0 Ice Magic
 + Level 1.0 Air Magic
 + Level 1.0 Earth Magic
 + Level 1.0 Poison Magic
 + Level 1.3 Invocations
 + Level 1.2 Evocations


You had 11 spell levels left.
You knew the following spells:

 Your Spells              Type           Power        Failure   Level
a - Magic Dart            Conj           52%          4%          1
b - Mephitic Cloud        Conj/Pois/Air  10%          19%         3
c - Blink                 Tloc           N/A          7%          2

Your spell library contained the following spells:

 Spells                   Type           Power        Failure   Level
 Call Imp                 Summ           13%          7%          2
 Slow                     Hex            9%           12%         2
 Conjure Flame            Conj/Fire      11%          17%         3


Dungeon Overview and Level Annotations

Branches:
Dungeon (2/15)

Altars:


Innate Abilities, Weirdness & Mutations

Your experience applies equally to all skills.
You have very sharp teeth.
Your uncanny sense of smell can sniff out nearby items.


Message History

Casting: Magic Dart (safe; 4% risk of failure)
Confirm with . or Enter, or press ? or * to list all spells.
Aiming: Magic Dart (safe; 4% risk of failure)
Press: ? - help, Shift-Dir - straight line, f/p - bullfrog
Aim: a bullfrog (heavily wounded, 0% to evade)
The magic dart hits the bullfrog.
The bullfrog is severely wounded.
The bullfrog hits you!
* * * LOW HITPOINT WARNING * * *
The bullfrog hits you!
* * * LOW HITPOINT WARNING * * *
Casting: Magic Dart (safe; 4% risk of failure)
Confirm with . or Enter, or press ? or * to list all spells.
Aiming: Magic Dart (safe; 4% risk of failure)
Press: ? - help, Shift-Dir - straight line, f/p - bullfrog
Aim: a bullfrog (severely wounded, 0% to evade)
The magic dart hits the bullfrog.
The bullfrog is almost dead.
The bullfrog hits you.
You die...

##### ....## .....##
......# ......# ......#
##########
......#########.......>.
..)...........†..F......
......#########.@.......
......#.....<...........
......#.################
................#
........#..#####
.....####...# ....##
##..# ..### #..# ..#
#..###


You could see a bullfrog.

Vanquished Creatures
  3 adders (D:2)
  4 worms (D:2)
  A dart slug (D:1)
  4 leopard geckos
  6 giant cockroaches
  4 goblins
  8 hobgoblins
  A ball python (D:2)
  4 bats (D:1)
  5 frilled lizards
  7 kobolds
  3 rats
50 creatures vanquished.

Notes
Turn   | Place    | Note
-------+----------+-------------------------------------------
     0 | D:1      | leafyfresh the Gnoll Hedge Wizard began the quest for the
                  | Orb.
     0 | D:1      | Reached XP level 1. HP: 13/13 MP: 8/8
   164 | D:1      | Reached XP level 2. HP: 13/19 MP: 10/10
   814 | D:1      | Reached XP level 3. HP: 20/25 MP: 11/11
  1486 | D:2      | Reached skill level 1 in Invocations
  1912 | D:2      | Reached skill level 1 in Fighting
  1912 | D:2      | Reached skill level 1 in Short Blades
  1912 | D:2      | Reached skill level 1 in Long Blades
  1912 | D:2      | Reached skill level 1 in Axes
  1912 | D:2      | Reached skill level 1 in Maces & Flails
  1912 | D:2      | Reached skill level 1 in Polearms
  1912 | D:2      | Reached skill level 1 in Staves
  1912 | D:2      | Reached skill level 1 in Slings
  1912 | D:2      | Reached skill level 1 in Bows
  1912 | D:2      | Reached skill level 1 in Crossbows
  1912 | D:2      | Reached skill level 1 in Throwing
  1912 | D:2      | Reached skill level 1 in Armour
  1912 | D:2      | Reached skill level 1 in Shields
  1912 | D:2      | Reached skill level 1 in Unarmed Combat
  1912 | D:2      | Reached skill level 1 in Evocations
  1992 | D:2      | Reached XP level 4. HP: 31/32 MP: 13/13
  2466 | D:2      | Learned a level 3 spell: Mephitic Cloud
  2469 | D:2      | Learned a level 2 spell: Blink
  2479 | D:2      | Reached skill level 1 in Hexes
  2479 | D:2      | Reached skill level 1 in Necromancy
  2479 | D:2      | Reached skill level 1 in Transmutations
  2479 | D:2      | Reached skill level 1 in Fire Magic
  2479 | D:2      | Reached skill level 1 in Ice Magic
  2479 | D:2      | Reached skill level 1 in Air Magic
  2479 | D:2      | Reached skill level 1 in Earth Magic
  2479 | D:2      | Reached skill level 1 in Poison Magic
  2569 | D:2      | Noticed a bullfrog
  2583 | D:2      | Slain by a bullfrog

Illustrated notes

Levels and vault maps discovered:
D:1:      kilobyte_arrival_exit_the_forest, layout_loops_corners,
          minmay_pentomino_o4
D:2:      layout_rooms, patterned_corridor

Skill      XL: |  1  2  3  4 |
---------------+-------------+-----
Conjurations   | 2 |  2.2
Summonings     | 2 |  2.2
Translocations | 2 |  2.2
Invocations    | 1 |  1.3
Fighting       | 1 |  1.2
Short Blades   | 1 |  1.2
Long Blades    | 1 |  1.2
Axes           | 1 |  1.2
Maces & Flails | 1 |  1.2
Polearms       | 1 |  1.2
Staves         | 1 |  1.2
Slings         | 1 |  1.2
Bows           | 1 |  1.2
Crossbows      | 1 |  1.2
Throwing       | 1 |  1.2
Armour         | 1 |  1.2
Shields        | 1 |  1.2
Unarmed Combat | 1 |  1.2
Evocations     | 1 |  1.2
Hexes          | 1 |  1.0
Necromancy     | 1 |  1.0
Transmutations | 1 |  1.0
Fire Magic     | 1 |  1.0
Ice Magic      | 1 |  1.0
Air Magic      | 1 |  1.0
Earth Magic    | 1 |  1.0
Poison Magic   | 1 |  1.0
Dodging        | |  4.6
Stealth        | |  4.3
Spellcasting   | |  7.2

Action                   |  1- 3 |  4- 6 || total
-------------------------+-------+-------++-------
Melee: Short sword       |   114 |    57 ||   171
       Bite              |     5 |     5 ||    10
       Punch             |     1 |       ||     1
 Cast: Magic Dart        |    15 |     3 ||    18
  Use: Scroll            |     3 |       ||     3
 Stab: Sleeping          |     9 |     6 ||    15
Armor: Robe              |     8 |     8 ||    16
Dodge: Dodged            |    49 |    15 ||    64
